 Dungeon Crawl Stone Soup version 0.23.2-1-ga50397a (webtiles) character file.

Game seed: 12787958398928169235

392 SedStubbie the Charlatan (level 6, -5/47 HPs)
             Began as a Mummy Artificer on May 1, 2019.
             Killed by divine providence
             ... invoked by an orc priest
              (11 damage)
             ... on level 5 of the Dungeon.
             The game lasted 00:13:16 (6652 turns).

SedStubbie the Charlatan (Mummy Artificer)          Turns: 6652, Time: 00:13:17

Health: -5/47      AC:  5    Str: 16    XL:     6   Next: 50%
Magic:  8/8        EV: 12    Int: 11    God:
Gold:   326        SH:  0    Dex: 13    Spells: 5/5 levels left

rFire    x . .     SeeInvis .   f - +1 short sword (speed)
rCold    + . .     Gourm    .   (no shield)
rNeg     + + +     Faith    .   m - +0 troll leather armour {Purgy}
rPois    ∞         Spirit   .   r - +0 helmet
rElec    .         Reflect  .   (no cloak)
rCorr    .         Harm     .   (no gloves)
MR       +....                  (no boots)
Stlth    +.........             (no amulet)
HPRegen  0.55/turn              l - ring of protection from magic
MPRegen  0.11/turn              (no ring)

@: about to teleport
A: no food or potions, fire vulnerability, cold resistance 1, negative energy
resistance 3, torment resistance, unbreathing
a: no special abilities


You were on level 5 of the Dungeon.
You were not hungry.

You visited 2 branches of the dungeon, and saw 7 of its levels.

You collected 326 gold pieces.

Inventory:

Hand Weapons
 f - a +1 short sword of speed (weapon)
 p - the +3 war axe "Domifoud" {holy, +Inv, unknown}
   (You found it on level 4 of the Dungeon)

   It has been blessed by the Shining One to cause great damage to the undead
   and demons.
   It lets you turn invisible.
Armour
 h - a +0 shield
 m - a +0 troll leather armour (worn) {Purgy}
 r - a +0 helmet (worn)
Jewellery
 g - an uncursed ring of fire
 l - a ring of protection from magic (left hand)
Wands
 c - a wand of flame (6)
 d - a wand of enslavement (15)
 e - a wand of random effects (13)
Scrolls
 a - a scroll of magic mapping {unknown}
 b - a scroll of fear {unknown}
 j - 3 scrolls of identify
 k - a scroll of blinking {unknown}
 o - a scroll of enchant weapon {unknown}
 q - 2 scrolls of remove curse


   Skills:
 + Level 3.3 Fighting
 - Level 0.7 Short Blades
 + Level 2.4 Armour
 - Level 2.0 Dodging
 - Level 0.7 Stealth
 + Level 2.1 Shields
 + Level 3.7 Evocations


You had 5 spell levels left.
You didn't know any spells.
Your spell library contained the following spells:

 Spells                   Type           Power        Failure   Level  Hunger
 Magic Dart               Conj           #...         38%         1    N/A
 Blink                    Tloc           N/A          54%         2    N/A
 Call Imp                 Summ           #.......     54%         2    N/A
 Slow                     Hex            #.......     54%         2    N/A
 Conjure Flame            Conj/Fire      #.......     77%         3    N/A
 Mephitic Cloud           Conj/Pois/Air  #.......     77%         3    N/A

Dungeon Overview and Level Annotations

Branches:
Dungeon (6/15)             Temple (1/1) D:4

Altars:
Ashenzari
Cheibriados
Elyvilon
Fedhas
Gozag
Hepliaklqana
Kikubaaqudgha
Makhleb
Nemelex Xobeh
Okawaru
Qazlal
Ru
Sif Muna
Uskayaw
Vehumet
Wu Jian
Xom
The Shining One


Innate Abilities, Weirdness & Mutations

You do not eat or drink.
Your flesh is vulnerable to fire.
You are immune to poison.
Your flesh is cold resistant. (rC+)
You are immune to negative energy. (rN+++)
You are immune to unholy pain and torment.
You can survive without breathing.


Message History

The orc priest casts a cantrip, but nothing happens.
There is a stone staircase leading down here.
You climb downwards. 3 gnolls, 3 orcs and a crimson imp come into view.
The gnoll shouts! x3; The orc shouts!
The orc wizard shouts!
You hear a shout! x2
You hear a loud, deep croak!
Found a stone staircase leading down.
There is a stone staircase leading up here.
As you read the scroll of teleportation, it crumbles to dust.
You feel strangely unstable.
An orc comes into view. It is wielding a +0 dagger.
The gnoll hits you with a +0 whip.
* * * LOW HITPOINT WARNING * * *
The gnoll hits you with a +0 spear.
* * * LOW HITPOINT WARNING * * *
The gnoll barely misses you. x2
You climb upwards.
The orc priest invokes the aid of Beogh against you.
Beogh smites you!
You die...

#.. ... ..> .....# # #.#
#...# #. #.# #...#
#.##.###...#
#..o.......## ##+##
###..o......# ##...##
##......o##.# ##.....##
#......g@.#.###.......##
#...o..g..#.##.........#
#............'.........+
##.!......†.##....<....#
##......######.......##
##...### ##†....## ##.##
##...## #.# ##'## #.#
#.#


You could see 2 orc priests, an orc wizard, 2 gnolls and an orc.

Vanquished Creatures
  Purgy (D:4)
  A centaur zombie (D:5)
  A hound (D:4)
  An orc wizard (D:5)
  3 worker ants
  4 adders
  3 oozes
  2 worms (D:3)
  3 dart slugs
  5 leopard geckos
  4 orcs
  8 bats
  4 giant cockroaches
  8 goblins
  8 hobgoblins
  4 jackals (D:4)
  A quokka (D:2)
  A ball python (D:2)
  4 frilled lizards
  7 kobolds
  11 rats
84 creatures vanquished.

Notes
Turn   | Place    | Note
-------+----------+-------------------------------------------
     0 | D:1      | SedStubbie the Mummy Artificer began the quest for the Orb.
     0 | D:1      | Reached XP level 1. HP: 15/15 MP: 2/2
   407 | D:1      | Reached XP level 2. HP: 20/21 MP: 3/3
  1018 | D:1      | Reached XP level 3. HP: 18/27 MP: 5/5
  1110 | D:2      | Reached skill level 1 in Armour
  1862 | D:2      | Reached XP level 4. HP: 33/33 MP: 6/6
  2012 | D:2      | Found a sacrificial altar of Ru.
  2755 | D:4      | Found a snail-covered altar of Cheibriados.
  2786 | D:4      | Found a staircase to the Ecumenical Temple.
  2795 | D:4      | Reached skill level 1 in Shields
  2795 | D:4      | Reached XP level 5. HP: 23/39 MP: 7/7
  2952 | Temple   | Entered the Ecumenical Temple
  3157 | D:4      | Noticed Purgy
  3165 | D:4      | Killed Purgy
  3545 | D:4      | Got an ancient war axe
  3581 | D:4      | Reached XP level 6. HP: 46/47 MP: 8/8
  3643 | D:4      | Found an opulent altar of Gozag.
  3726 | D:4      | Found a radiant altar of Vehumet.
  3728 | D:4      | Found a glowing golden altar of the Shining One.
  6318 | D:5      | Entered Level 5 of the Dungeon
  6456 | D:5      | Found a blossoming altar of Fedhas.
  6652 | D:5      | Killed from afar by an orc priest

Skill      XL: |  1  2  3  4  5  6 |
---------------+-------------------+-----
Dodging        | 2 |  2.0
Armour         | 1 2 |  2.4
Fighting       | 2 3 |  3.3
Evocations     | 3 |  3.7
Shields        | 1 2 |  2.1
Short Blades   | |  0.7
Stealth        | |  0.7

Action                   |  1- 3 |  4- 6 || total
-------------------------+-------+-------++-------
Melee: Spear             |   197 |    30 ||   227
       Short sword       |     9 |   197 ||   206
Evoke: Wand              |     4 |     7 ||    11
  Use: Scroll            |     2 |     3 ||     5
 Stab: Sleeping          |     2 |       ||     2
Armor: Leather armour    |    50 |    28 ||    78
       Troll leather arm |       |    22 ||    22
Dodge: Dodged            |   125 |    97 ||   222
